Unix NetHack Version 3.7.0-102 Work-in-progress - last build Apr 6 2024 13:22:21 (d302a6a9ff6341f1a922d8f5af178406b35fdf99,branch:master). Game began 2024-04-25 18:50:07, ended 2024-04-30 18:06:43. nmlkj, chaotic male human Wizard -.---.-- |....%.| .......| |.....f| ......@| |......| +......| -------- Nmlkj the Thaumaturge St:14 Dx:13 Co:13 In:18 Wi:11 Ch:10 Chaotic S:1884 Dlvl:6 $:164 HP:0(39) Pw:11(48) AC:10 Xp:6/365 T:1673 Latest messages: There is a locked chest here; force its lock? [ynq] (q) y You start bashing it with your quarterstaff. You succeed in forcing the lock. In fact, you've totally destroyed the chest. You don't find anything here to loot. You see here an empty unlocked chest. You find a hidden door. The door resists! The door opens. $ - 11 gold pieces (164 in total). The giant bat bites! The giant bat bites! The giant bat bites! In what direction? j The spell hits the giant bat! You kill the giant bat! You see here a potion of healing. You learn more about your items by comparing them. h - an uncursed potion of healing (2 in total). What do you want to drink? [f-hkrH-J or ?*] ? You feel better. A trap door opens up under you! In what direction? k The spell hits the dwarf! You kill the dwarf! You see here a scroll labeled ELAM EBOW. K - a scroll labeled ELAM EBOW. You see here a tan spellbook. L - a tan spellbook. What do you want to read? [ijmC-EGKL or ?*] L You begin to memorize the runes. The jaguar hits! You stop studying. The jaguar hits again! The jaguar bites! In what direction? k The spell misses the jaguar. The jaguar hits! The jaguar hits again! The jaguar bites! In what direction? k The spell hits the jaguar! The jaguar hits! The jaguar hits again! The jaguar bites! In what direction? k The spell hits the jaguar! The jaguar hits! The jaguar hits again! You die... Inventory: Coins $ - 164 gold pieces Weapons a - a blessed +2 quarterstaff (weapon in hands) Comestibles q - an uncursed slime mold v - 4 uncursed food rations x - an uncursed fortune cookie w - an uncursed pancake p - 2 uncursed tripe rations o - an uncursed lichen corpse Scrolls C - an uncursed scroll of earth K - a blessed scroll of identify G - an uncursed scroll of identify i - 3 uncursed scrolls of remove curse j - a cursed scroll of taming Spellbooks m - an uncursed spellbook of blank paper L - an uncursed spellbook of create monster D - a blessed spellbook of healing E - an uncursed spellbook of healing Potions k - an uncursed potion of full healing f - an uncursed potion of gain level h - 2 uncursed potions of healing J - a cursed potion of healing g - an uncursed potion of restore ability r - an uncursed potion of sickness I - an uncursed potion of sleeping Rings e - an uncursed +3 ring of gain strength (on right hand) d - an uncursed ring of teleport control (on left hand) Wands c - a wand of create monster (0:12) s - a wand of light (0:14) t - a wand of make invisible (0:4) Tools z - a magic marker (0:74) n - a magic marker (0:1) Gems/Stones u - an uncursed worthless piece of violet glass Nmlkj the Wizard's attributes: Background: You were a Thaumaturge, a level 6 male human Wizard. You were chaotic, nominally on a mission for Anhur who was opposed by Ptah (lawful) and Thoth (neutral). You were right-handed. You were in the Dungeons of Doom, on level 6. You entered the dungeon 1673 turns ago. You had 365 experience points, 275 more were needed to attain level 7. Your score was 1884 before end-of-game adjustments. Basics: You had 0 out of 39 hit points. You had 11 out of 48 energy points (spell power). Your armor class was 10. Your wallet contained 164 zorkmids. Autopickup was on for '$' plus thrown. Final Characteristics: Your strength was 14 (base:11, limit:18/100). Your dexterity was 13 (limit:18). Your constitution was 13 (limit:18). Your intelligence was 18 (limit:18). Your wisdom was 11 (limit:18). Your charisma was 10 (limit:18). Final Status: You weren't hungry. You were unencumbered. You were wielding a quarterstaff. You had basic skill with quarterstaff. You weren't wearing any armor. Final Attributes: You were devoutly aligned. You were telepathic. You had teleport control. You are dead. Miscellaneous: You disabled loading of bones levels. Total elapsed playing time was 30 minutes and 38 seconds. Major events: Turn 1: nmlkj the chaotic male human Wizard entered the dungeon 584: attained the rank of Conjurer (level 3) 714: entered the Gnomish Mines 1604: attained the rank of Thaumaturge (level 6) 1673: killed by a jaguar Vanquished creatures: 6 small mimics a water nymph a giant ant 4 floating eyes a dwarf a rabid rat 2 giant bats an orc zombie 2 coyotes 3 giant rats 2 geckos 2 jackals a fox 2 kobolds a goblin a grid bug 2 lichens a kobold zombie 4 newts 38 creatures vanquished. No species were genocided or became extinct. Voluntary challenges: You were an atheist. You read items or engraved 13 times. You never engraved Elbereth. You never had a pet. You never genocided any monsters. You never polymorphed an object. You used no wishes. Achievements: You entered a shop. You attained the rank of Conjurer. You entered the Gnomish Mines. You attained the rank of Thaumaturge. The Dungeons of Doom: levels 1 to 6 Level 1: A fountain. Level 2: A fountain. Stairs down to The Gnomish Mines. Level 3: A fountain. Level 4: A fountain. Level 5: A fountain. Level 6: <- You were here. Final resting place for you, killed by a jaguar. The Gnomish Mines: Level 3: Game over: ---------- / \ / REST \ / IN \ / PEACE \ / \ | nmlkj | | 164 Au | | killed by a | | jaguar | | | | | | 2024 | *| * * * | * _________)/\\_//(\/(/\)/\//\/|_)_______ Goodbye nmlkj the Wizard... You died in The Dungeons of Doom on dungeon level 6 with 1868 points, and 164 pieces of gold, after 1673 moves. You were level 6 with a maximum of 39 hit points when you died.